 Dungeon Crawl Stone Soup version 0.27.1-37-g7b29ead8ac (console) character file.

Game seed: 12981087192292789466

254 grimtooth the Chopper (level 5, 0/46 HPs)
             Began as a Palentonga Abyssal Knight on Nov 12, 2023.
             Was a Priest of Lugonu.
             Slain by a scorpion (2 damage)
             ... on level 5 of the Dungeon.
             The game lasted 00:15:26 (4968 turns).

grimtooth the Chopper (Palentonga Abyssal Knight)   Turns: 4968, Time: 00:15:27

Health: 0/46       AC:  4    Str: 17    XL:     5   Next: 91%
Magic:  3/6        EV:  9    Int: 12    God:    Lugonu [***...]
Gold:   226        SH:  0    Dex:  9    Spells: 4/4 levels left

rFire    . . .     SeeInvis +   a - +1 hand axe
rCold    . . .     Faith    .   (no shield)
rNeg     . . .     Spirit   .   c - +0 leather armour
rPois    .         Reflect  .   (helmet restricted)
rElec    .         Harm     .   (no cloak)
rCorr    .         Rampage  .   (no gloves)
Will     .....     Clarity  +   (no barding)
Stlth    +.........             (no amulet)
HPRegen  0.15/turn              (no ring)
MPRegen  0.10/turn              (no ring)

@: brilliant, lethally poisoned (0 -> -3)
A: large, rugged brown scales 3, see invisible, deformed body, roll 1, armoured
tail, horns 1, clarity
a: Rolling Charge, Renounce Religion, Depart the Abyss, Bend Space, Banish


You were on level 5 of the Dungeon.
You worshipped Lugonu.
Lugonu was most pleased with you.
You visited 1 branch of the dungeon, and saw 5 of its levels.
You visited the Abyss 1 time.

You collected 226 gold pieces.

Inventory:

Hand Weapons
 a - a +1 hand axe (weapon)
 b - a +0 dagger of electrocution
Missiles
 f - 146 stones
 o - 3 boomerangs
 r - 10 poisoned darts (quivered)
Armour
 c - a +0 leather armour (worn)
Magical Staves
 m - a staff of earth
Jewellery
 k - a ring of fire
Wands
 q - a wand of polymorph (14)
Scrolls
 e - a scroll of noise
 g - 2 scrolls of teleportation {unknown}
 i - a scroll of holy word {unknown}
 j - a scroll of enchant weapon {unknown}
 n - 2 scrolls of identify {unknown}
Potions
 l - a potion of haste {unknown}


   Skills:
 + Level 4.5 Fighting
 * Level 5.2 Axes
 - Level 1.5 Armour
 - Level 0.7 Dodging
 - Level 2.0 Invocations


You had 4 spell levels left.
You didn't know any spells.
Your spell library contained the following spells:

 Spells                   Type           Power      Damage    Failure   Level
 Beastly Appendage        Tmut           0%         N/A       36%         1
 Sandblast                Erth           0%         2d4       36%         1
 Passwall                 Tmut/Erth      0%         N/A       52%         2
 Wereblood                Tmut           0%         N/A       52%         2
 Spider Form              Tmut/Pois      0%         N/A       75%         3
 Lee's Rapid Deconstruct  Erth           0%         3d5*      100%        5
 Conjure Ball Lightning   Conj/Air       0%         3x3d6     100%        6
 Borgnjor's Revivificati  Necr           0%         N/A       100%        8
 Discord                  Hex            0%         N/A       100%        8
 Disjunction              Tloc           0%         N/A       100%        8
 Necromutation            Tmut/Necr      0%         N/A       100%        8
 Death's Door             Necr           0%         N/A       100%        9


Dungeon Overview and Level Annotations

Branches:
Dungeon (5/15)
 Temple: D:4-7

Altars:
Qazlal
Wu Jian

Shops:
D:5 :

Annotations:
D:4 2 transporters, ice


Innate Abilities, Weirdness & Mutations

You are completely covered in rugged brown scales. (AC +3, +7% HP)
You have supernaturally acute eyesight. (SInv)
Armour fits poorly on your strangely shaped body.
You can roll at nearby foes to attack.
You have a long armoured tail.
You have a pair of small horns on your head.
You possess an exceptional clarity of mind.


Message History

The scorpion is severely wounded.
You feel sick.
The scorpion stings you but does no damage.
You feel better. The scorpion stings you.
You are poisoned.
The scorpion poisons you! Space bends around you!
You blink.
* * * LOW HITPOINT WARNING * * *
You feel very sick.
* * * LOW HITPOINT WARNING * * *
You feel sick.
Okay, then.
Press: ? - help, v - describe, . - travel
Here: a scorpion (severely wounded)
The floor.
Okay, then.
Unknown command.
Enter note: - well this is ridiculous
As you read the scroll labelled WAZOMO YWKIA, it crumbles to dust.
You hear a loud clanging noise!
It was a scroll of noise.
* * * LOW HITPOINT WARNING * * *
You feel sick.
You hear a shout! x2
Space bends around you!
You blink.
* * * LOW HITPOINT WARNING * * *
You feel sick.
Enter note: - how am i getting more poisoned
Okay, then.
It was a potion of mutation.
You feel extremely strange.
Your thoughts seem clearer.
A pair of horns grows on your head!
* * * LOW HITPOINT WARNING * * *
You feel sick.
It was a potion of brilliance.
You feel clever all of a sudden.
* * * LOW HITPOINT WARNING * * *
You feel sick. The scorpion barely misses you. The scorpion stings you.
You die...

.. # #.#. ##.
#.#.##
#..##.#... .#
#.......## #
.##........
#.....#..##.#
#.#...#.##.#
#......@..#
##..#..s#(##.##
#..<.........
###...#####
#§..# #
#..(#####.# ..
## #..(.......
...#.
.#####.....P....
..#.
.....>.....#+##.
... ..<.......#
[# ##. #.
..........#o.#
#.. #.


You could see a scorpion.

Vanquished Creatures
  2 orc priests (D:3)
  A bullfrog skeleton (D:4)
  5 adders
  A gnoll (D:1)
  A howler monkey skeleton (D:5)
  A howler monkey zombie (D:4)
  2 dart slugs (D:1)
  6 orcs (D:3)
  7 endoplasms
  4 giant cockroaches
  5 goblins
  7 hobgoblins
  2 jackals (D:2)
  5 quokkas
  2 ball pythons
  4 bats
  9 frilled lizards
  14 kobolds
  4 rats
82 creatures vanquished.

Notes
Turn   | Place    | Note
-------+----------+-------------------------------------------
     0 | Abyss:1  | grimtooth the Palentonga Abyssal Knight began the quest for
                  | the Orb.
     0 | Abyss:1  | Reached XP level 1. HP: 19/19 MP: 2/2
    81 | Abyss:1  | Noticed an apocalypse crab
    91 | D:1      | Escaped the Abyss
   257 | D:1      | Reached XP level 2. HP: 20/25 MP: 3/3
   552 | D:1      | Found a faded altar of an unknown god.
   777 | D:1      | Reached skill level 3 in Axes
  1273 | D:1      | Reached XP level 3. HP: 31/31 MP: 4/4
  1355 | D:2      | Reached ** piety under Lugonu
  2338 | D:1      | Reached XP level 4. HP: 20/39 MP: 5/5
  2710 | D:3      | Reached skill level 4 in Axes
  2963 | D:3      | Reached XP level 5. HP: 8/44 MP: 6/6
  3455 | D:3      | Found an ornate altar of the Wu Jian Council.
  3800 | D:3      | Reached *** piety under Lugonu
  4158 | D:4      | Reached skill level 5 in Axes
  4467 | D:4      | Found a transporter.
  4469 | D:4      | Noticed an ice beast
  4470 | D:4      | Noticed an ice beast
  4471 | D:4      | Noticed an ice beast
  4731 | D:4      | Found a stormy altar of Qazlal.
  4764 | D:4      | Found a transporter.
  4848 | D:5      | Entered Level 5 of the Dungeon
  4895 | D:5      | Found Zocess's Book Boutique.
  4965 | D:5      | - well this is ridiculous
  4967 | D:5      | - how am i getting more poisoned
  4967 | D:5      | Gained mutation: You possess an exceptional clarity of
                  | mind. [potion of mutation]
  4967 | D:5      | Gained mutation: You have a pair of small horns on your
                  | head. [potion of mutation]
  4968 | D:5      | HP: 2/46 [poisoned by a scorpion]
  4968 | D:5      | Slain by a scorpion

Illustrated notes

# #.#.## #. .#... .#
#.......## #
.##........
#.....#..##.#
#.#...#.##.#
#.........#
#..#...#(##.##
#.......#+##. .
..<.......# [# ##.
..........#o.# #..
###.#.....####.
#..##
#.#...........##....
#.#.................
#.......####........


Turn 4965 on D:5: - well this is ridiculous .. # #.#. ##. #.#.## #..##.#... .#
#.......## # .##........ #.....#..##.# #.#...#.##.# #......@..# ##..#...#(##.##
#.......#+##. ... ..<.......# [# ##. #. ..........#o.# #.. #. Turn 4967 on D:5:
- how am i getting more poisoned

Levels and vault maps discovered:
D:1:      dpeg_arrival_radiant, layout_basic, ebering_ecumenical_altar_ruins,
          minmay_crystal_water, minmay_three_crescents
D:2:      layout_basic
D:3:      layout_loops_cross, nzn_wu_jian_council_hall,
          wander_ebering_terrifying_dragon_lair
D:4:      gammafunk_cloud_chamber, layout_loops_ring,
          mainiacjoe_overflow_alcove_1, grunt_decor_clamped
D:5:      layout_loops_cross, serial_shops, kennysheep_mini_moat,
          chequers_mini_garden, corexii_shack, uniq_grinder

Skill      XL: |  1  2  3  4  5 |
---------------+----------------+-----
Axes           | 3 4 5 |  5.2
Fighting       | 4 |  4.5
Armour         | |  1.5
Dodging        | |  0.7
Invocations    | |  2.0

Action                   |  1- 3 |  4- 6 || total
-------------------------+-------+-------++-------
Melee: Hand axe          |   122 |   111 ||   233
       Tailslap          |    10 |    18 ||    28
       Dagger            |     3 |       ||     3
Throw: Dart              |       |     3 ||     3
Invok: Bend Space        |     1 |     4 ||     5
 Abil: Rolling Charge    |    16 |    16 ||    32
  Use: Potion            |       |     4 ||     4
       Scroll            |       |     1 ||     1
 Stab: Sleeping          |     1 |       ||     1
Armor: Leather armour    |    31 |    27 ||    58
Dodge: Dodged            |    67 |    59 ||   126
